3L
NEW AMSTERDAM DUTCHMEN @ CHICAGO GOLD SOX
09/17/2027
 
TOP OF THE 1ST
New Amsterdam Dutchmen batting - Pitching for Chicago Gold Sox : LHP Keisuke Nishida
Pitching: LHP Keisuke Nishida
Batting: RHB Mario Rivera 0-0: Foul Ball, location: 2F
0-1: Ground out 4-3 (Groundball, 4)
Batting: RHB Menno van de Vlugt 0-0: Called Strike
0-1: Called Strike
0-2: Ball
1-2: Ground out 4-3 (Groundball, 4)
Batting: LHB Félix López 0-0: Ball
1-0: Ball
2-0: Called Strike
2-1: Foul Ball, location: 2F
2-2: Strikes out swinging
Top of the 1st over - 0 run(s), 0 hit(s), 0 error(s), 0 left on base; New Amsterdam 0 - Chicago 0
BOTTOM OF THE 1ST
Chicago Gold Sox batting - Pitching for New Amsterdam Dutchmen : LHP Walt Coffman
Pitching: LHP Walt Coffman
Batting: LHB Noel Ballard 0-0: Called Strike
0-1: Foul Ball, location: 2F
0-2: Ball
1-2: Foul Ball, location: 2F
1-2: SINGLE (Groundball, 6MD)
Batting: SHB Lupo Cotto 0-0: Ball
1-0: Ball
2-0: Called Strike
2-1: Fielders Choice at 2nd, 6-4 (Groundball, 6)
Batting: RHB Ben Kennerly 0-0: Called Strike
0-1: Ball
1-1: Fly out, F9 (Flyball, 9)
Batting: LHB Melvin Castro 0-0: Ball
1-0: Called Strike
1-1: Fly out, F3 (Line Drive, 3)
Bottom of the 1st over - 0 run(s), 1 hit(s), 0 error(s), 1 left on base; New Amsterdam 0 - Chicago 0
TOP OF THE 2ND
New Amsterdam Dutchmen batting - Pitching for Chicago Gold Sox : LHP Keisuke Nishida
Batting: RHB Hank Wilder 0-0: Called Strike
0-1: Ball
1-1: Ball
2-1: Ball
3-1: Hit by Pitch
Batting: RHB Arturo Morales 0-0: Ball
1-0: Called Strike
1-1: Foul Ball, location: 2F
1-2: Foul Ball, location: 2F
1-2: Grounds into double play, 6-4-3 (Groundball, 6)
Batting: LHB SaQwan Hackett 0-0: Called Strike
0-1: Ball
1-1: Ball
2-1: Foul Ball, location: 2F
2-2: Foul Ball, location: 2F
2-2: Ball
3-2: Foul Ball, location: 2F
3-2: Ground out 1-3 (Groundball, 13S)
Top of the 2nd over - 0 run(s), 0 hit(s), 0 error(s), 0 left on base; New Amsterdam 0 - Chicago 0
BOTTOM OF THE 2ND
Chicago Gold Sox batting - Pitching for New Amsterdam Dutchmen : LHP Walt Coffman
Batting: LHB Roberto Veliz 0-0: Called Strike
0-1: SINGLE (Line Drive, 34)
Batting: RHB António Guzmán 0-0: Foul Ball, location: 2F
0-1: Ball
1-1: Grounds into double play, 6-4-3 (Groundball, 6)
Batting: LHB William Wise 0-0: Ball
1-0: Swinging Strike
1-1: Called Strike
1-2: SOLO HOME RUN (Flyball, 7D), Distance : 383 ft
Batting: LHB Naohiro Sakai 0-0: SOLO HOME RUN (Flyball, 89XD), Distance : 401 ft
Batting: LHB Arthur Ryan 0-0: Swinging Strike
0-1: Called Strike
0-2: Ball
1-2: Strikes out swinging
Bottom of the 2nd over - 2 run(s), 3 hit(s), 0 error(s), 0 left on base; New Amsterdam 0 - Chicago 2
TOP OF THE 3RD
New Amsterdam Dutchmen batting - Pitching for Chicago Gold Sox : LHP Keisuke Nishida
Batting: RHB Alfredo Suárez 0-0: Foul Ball, location: 2F
0-1: Ball
1-1: Ball
2-1: Ball
3-1: Foul Ball, location: 2F
3-2: Foul Ball, location: 2F
3-2: Base on Balls
Batting: LHB Cornelius Taitt 0-0: Called Strike
0-1: Ball
1-1: Fly out, F4 (Popup, 34)
Batting: RHB Omar Schuler 0-0: Ball
1-0: Ball
2-0: Ball
3-0: Base on Balls
Alfredo Suárez to second
Batting: RHB Mario Rivera 0-0: Called Strike
0-1: Swinging Strike
0-2: Strikes out looking
Batting: RHB Menno van de Vlugt 0-0: Ball
1-0: Ball
2-0: Swinging Strike
2-1: Fly out, F6 (Popup, 56D)
Top of the 3rd over - 0 run(s), 0 hit(s), 0 error(s), 2 left on base; New Amsterdam 0 - Chicago 2
BOTTOM OF THE 3RD
Chicago Gold Sox batting - Pitching for New Amsterdam Dutchmen : LHP Walt Coffman
Batting: LHB Noel Ballard 0-0: Called Strike
0-1: Ball
1-1: Swinging Strike
1-2: Ball
2-2: Foul Ball, location: 2F
2-2: Ball
3-2: Foul Ball, location: 2F
3-2: Strikes out swinging
Batting: SHB Lupo Cotto 0-0: Called Strike
0-1: Ball
1-1: Ball
2-1: Ball
3-1: Base on Balls
Batting: RHB Ben Kennerly 0-0: Ball
1-0: Swinging Strike
1-1: Ball
2-1: Ball
3-1: Foul Ball, location: 2F
3-2: Base on Balls
Lupo Cotto to second
Batting: LHB Melvin Castro 0-0: Ball
1-0: Ball
2-0: Foul Ball, location: 2F
2-1: Foul Ball, location: 2F
2-2: Strikes out swinging
Batting: LHB Roberto Veliz 0-0: Called Strike
0-1: Foul Ball, location: 2F
0-2: Ball
1-2: Ball
2-2: Foul Ball, location: 2F
2-2: Foul Ball, location: 2F
2-2: 3-RUN HOME RUN (Flyball, 9LD), Distance : 349 ft
Batting: RHB António Guzmán 0-0: Ball
1-0: Foul Ball, location: 2F
1-1: Called Strike
1-2: Ball
2-2: Strikes out swinging
Bottom of the 3rd over - 3 run(s), 1 hit(s), 0 error(s), 0 left on base; New Amsterdam 0 - Chicago 5
TOP OF THE 4TH
New Amsterdam Dutchmen batting - Pitching for Chicago Gold Sox : LHP Keisuke Nishida
Batting: LHB Félix López 0-0: Swinging Strike
0-1: Ball
1-1: Called Strike
1-2: Ball
2-2: Strikes out swinging
Batting: RHB Hank Wilder 0-0: Ball
1-0: Ground out 4-3 (Groundball, 4)
Batting: RHB Arturo Morales 0-0: Swinging Strike
0-1: Fly out, F2 (Popup, 25)
Top of the 4th over - 0 run(s), 0 hit(s), 0 error(s), 0 left on base; New Amsterdam 0 - Chicago 5
BOTTOM OF THE 4TH
Chicago Gold Sox batting - Pitching for New Amsterdam Dutchmen : LHP Walt Coffman
Batting: LHB William Wise 0-0: Called Strike
0-1: Called Strike
0-2: Strikes out swinging
Batting: LHB Naohiro Sakai 0-0: Ball
1-0: Called Strike
1-1: Ball
2-1: Ball
3-1: Swinging Strike
3-2: Foul Ball, location: 2F
3-2: Foul Ball, location: 2F
3-2: Strikes out looking
Batting: LHB Arthur Ryan 0-0: Called Strike
0-1: Ball
1-1: Foul Ball, location: 2F
1-2: Foul Ball, location: 2F
1-2: Foul Ball, location: 2F
1-2: Ground out 3-1 (Groundball, 34)
Bottom of the 4th over - 0 run(s), 0 hit(s), 0 error(s), 0 left on base; New Amsterdam 0 - Chicago 5
TOP OF THE 5TH
New Amsterdam Dutchmen batting - Pitching for Chicago Gold Sox : LHP Keisuke Nishida
Batting: LHB SaQwan Hackett 0-0: Called Strike
0-1: Ball
1-1: Swinging Strike
1-2: Foul Ball, location: 2F
1-2: Ball
2-2: Strikes out swinging
Batting: RHB Alfredo Suárez 0-0: Ball
1-0: Called Strike
1-1: Swinging Strike
1-2: Foul Ball, location: 2F
1-2: Strikes out looking
Batting: LHB Cornelius Taitt 0-0: Swinging Strike
0-1: Called Strike
0-2: Ball
1-2: Ball
2-2: Strikes out swinging
Top of the 5th over - 0 run(s), 0 hit(s), 0 error(s), 0 left on base; New Amsterdam 0 - Chicago 5
BOTTOM OF THE 5TH
Chicago Gold Sox batting - Pitching for New Amsterdam Dutchmen : LHP Walt Coffman
Batting: LHB Noel Ballard 0-0: Called Strike
0-1: Called Strike
0-2: Ball
1-2: Foul Ball, location: 2F
1-2: Ball
2-2: Ball
3-2: Ground out 6-3 (Groundball, 6)
Batting: SHB Lupo Cotto 0-0: Ball
1-0: Ball
2-0: Foul Ball, location: 2F
2-1: Fly out, F8 (Flyball, 8LD)
Batting: RHB Ben Kennerly 0-0: Ball
1-0: Called Strike
1-1: Foul Ball, location: 2F
1-2: Strikes out swinging
Bottom of the 5th over - 0 run(s), 0 hit(s), 0 error(s), 0 left on base; New Amsterdam 0 - Chicago 5
TOP OF THE 6TH
New Amsterdam Dutchmen batting - Pitching for Chicago Gold Sox : LHP Keisuke Nishida
Batting: RHB Omar Schuler 0-0: Called Strike
0-1: Foul Ball, location: 2F
0-2: Ground out 5-3 (Groundball, 56)
Batting: RHB Mario Rivera 0-0: Fly out, F9 (Flyball, 9LMF)
Batting: RHB Menno van de Vlugt 0-0: Ball
1-0: SINGLE (Groundball, 4MD)
Batting: LHB Félix López 0-0: Called Strike
0-1: Ball
1-1: Swinging Strike
1-2: Ball
2-2: Strikes out swinging
Top of the 6th over - 0 run(s), 1 hit(s), 0 error(s), 1 left on base; New Amsterdam 0 - Chicago 5
BOTTOM OF THE 6TH
Chicago Gold Sox batting - Pitching for New Amsterdam Dutchmen : LHP Walt Coffman
Pitching: RHP Carlos Rosales
Batting: LHB Melvin Castro 0-0: Called Strike
0-1: Foul Ball, location: 2F
0-2: Ball
1-2: Ball
2-2: SINGLE (Line Drive, 34D)
Batting: LHB Roberto Veliz 0-0: Called Strike
0-1: Fly out, F6 (Line Drive, 6)
Batting: RHB António Guzmán 0-0: Ball
1-0: Grounds into double play, 5-4-3 (Groundball, 56)
Bottom of the 6th over - 0 run(s), 1 hit(s), 0 error(s), 0 left on base; New Amsterdam 0 - Chicago 5
TOP OF THE 7TH
New Amsterdam Dutchmen batting - Pitching for Chicago Gold Sox : LHP Keisuke Nishida
Batting: RHB Hank Wilder 0-0: Ball
1-0: Swinging Strike
1-1: Ball
2-1: Ball
3-1: Ground out 6-3 (Groundball, 6)
Pitching: LHP Dan Crowder
Batting: RHB Arturo Morales 0-0: Ball
1-0: Fly out, F5 (Popup, 5L)
Batting: LHB SaQwan Hackett 0-0: Called Strike
0-1: Ball
1-1: Fly out, F9 (Flyball, 9)
Top of the 7th over - 0 run(s), 0 hit(s), 0 error(s), 0 left on base; New Amsterdam 0 - Chicago 5
BOTTOM OF THE 7TH
Chicago Gold Sox batting - Pitching for New Amsterdam Dutchmen : RHP Carlos Rosales
Batting: LHB William Wise 0-0: Ground out 4-3 (Groundball, 34)
Batting: LHB Naohiro Sakai 0-0: Ground out 4-3 (Groundball, 4)
Batting: LHB Arthur Ryan 0-0: Ball
1-0: Foul Ball, location: 2F
1-1: Ball
2-1: SINGLE (Line Drive, 6D)
Batting: LHB Noel Ballard 0-0: Ball
1-0: Ball
2-0: Fielders Choice at 2nd, 6-4 (Groundball, 6)
Bottom of the 7th over - 0 run(s), 1 hit(s), 0 error(s), 0 left on base; New Amsterdam 0 - Chicago 5
TOP OF THE 8TH
New Amsterdam Dutchmen batting - Pitching for Chicago Gold Sox : LHP Dan Crowder
Batting: RHB Alfredo Suárez 0-0: Called Strike
0-1: Ball
1-1: Ball
2-1: Reached on error, E9 (Line Drive, 9)
Batting: LHB Cornelius Taitt 0-0: Ball
Wild Pitch!
Alfredo Suárez to third
1-0: Called Strike
1-1: Foul Ball, location: 2F
1-2: SINGLE (Flyball, 6D)
Alfredo Suárez scores
Batting: RHB Omar Schuler 0-0: Ball
1-0: Ball
2-0: Ball
3-0: Base on Balls
Cornelius Taitt to second
Pitching: RHP Decheng Sun
Batting: RHB Mario Rivera 0-0: Called Strike
0-1: Called Strike
0-2: Ball
1-2: Fly out, F9 (Flyball, 9D)
Runner from 2nd tags up, SAFE at 3rd, no throw
Batting: RHB Menno van de Vlugt 0-0: Ball
1-0: Called Strike
1-1: DOUBLE (Line Drive, 9LS)
Cornelius Taitt scores
Omar Schuler to third
Pitching: RHP Gordon Fry
Batting: LHB Félix López 0-0: Ball
1-0: SINGLE (Line Drive, 5L)
Omar Schuler scores
Menno van de Vlugt to third
Batting: RHB Hank Wilder 0-0: Called Strike
0-1: Ball
1-1: Foul Ball, location: 2F
1-2: Foul Ball, location: 2F
1-2: Ball
2-2: Strikes out swinging
Pinch Hitting: LHB Eric Ward 0-0: Ball
1-0: Foul Ball, location: 2F
1-1: Ball
2-1: Swinging Strike
2-2: Strikes out swinging
Top of the 8th over - 3 run(s), 3 hit(s), 1 error(s), 2 left on base; New Amsterdam 3 - Chicago 5
BOTTOM OF THE 8TH
Chicago Gold Sox batting - Pitching for New Amsterdam Dutchmen : RHP Carlos Rosales
Now in LF: Steve Ingram
Batting: SHB Lupo Cotto 0-0: SINGLE (Groundball, 4MD)
Batting: RHB Ben Kennerly 0-0: Fly out, F6 (Line Drive, 6)
Batting: LHB Melvin Castro 0-0: DOUBLE (Flyball, 8LXD)
Lupo Cotto to third
Pinch Hitting: LHB Stanley Belote 0-0: Intentional Walk
Batting: RHB António Guzmán 0-0: Ball
1-0: Ball
2-0: Called Strike
2-1: Foul Ball, location: 2F
2-2: Strikes out swinging
Pinch Hitting: LHB Eddie Flynn 0-0: Swinging Strike
0-1: Fielders Choice at 2nd, 4-6 (Groundball, 34)
Bottom of the 8th over - 0 run(s), 2 hit(s), 0 error(s), 2 left on base; New Amsterdam 3 - Chicago 5
TOP OF THE 9TH
New Amsterdam Dutchmen batting - Pitching for Chicago Gold Sox : RHP Gordon Fry
Pitching: RHP Augusto Dávila
Now in CF: Stanley Belote
Now in RF: Matt Love
Batting: LHB SaQwan Hackett 0-0: Ball
1-0: Called Strike
1-1: Ball
2-1: SINGLE (Groundball, 34D)
Pinch Runner at 1st Andrés Gonzáles:
Batting: RHB Alfredo Suárez 0-0: Ball
1-0: Ball
2-0: Called Strike
2-1: SINGLE (Line Drive, 6MD)
Andrés Gonzáles to second
Batting: LHB Cornelius Taitt 0-0: Ball
1-0: Called Strike
1-1: Ball
2-1: Foul Ball, location: 2F
2-2: Strikes out swinging
Batting: RHB Omar Schuler 0-0: Ball
1-0: Called Strike
1-1: Ball
2-1: Foul Ball, location: 2F
2-2: Ball
3-2: Fly out, F8 (Flyball, 8LM)
Runner from 2nd tags up, SAFE at 3rd with throw
Batting: RHB Mario Rivera 0-0: Called Strike
0-1: Ball
1-1: Ball
2-1: Foul Ball, location: 2F
2-2: Ball
3-2: Foul Ball, location: 2F
3-2: Base on Balls
Alfredo Suárez to second
Batting: RHB Menno van de Vlugt 0-0: Ball
1-0: Called Strike
1-1: Ball
2-1: Fielders Choice at 2nd, 6-4 (Groundball, 6)
Top of the 9th over - 0 run(s), 2 hit(s), 0 error(s), 2 left on base; New Amsterdam 3 - Chicago 5
Saturday, May 26th, 2018 - OOTP Baseball 17.12 Build 75